 Dungeon Crawl Stone Soup version 0.24.0-123-gd5b16e6ec5 (webtiles) character file.

Game seed: 16586856537295828515, levelgen mode: deterministic

23487 sankara the Covert (level 12, 0/88 HPs)
             Began as a Vampire Enchanter on Jan 12, 2020.
             Was an Elder of Kikubaaqudgha.
             Slain by a black mamba (17 damage)
             ... on level 3 of the Lair of Beasts.
             The game lasted 01:51:27 (13834 turns).

sankara the Covert (Vampire Enchanter)             Turns: 13834, Time: 01:51:31

Health: 0/88       AC: 10    Str: 11    XL:     12   Next: 72%
Magic:  9/33       EV: 18    Int: 26    God:    Kikubaaqudgha [****..]
Gold:   597        SH:  0    Dex: 19    Spells: 2/27 levels left

rFire    . . .     SeeInvis +   a - +2 dagger
rCold    . . .     Gourm    .   (no shield)
rNeg     + + .     Faith    .   Y - +1 leather armour of Jije {Str+4 Int+4}
rPois    +         Spirit   .   H - +1 helmet
rElec    +         Reflect  .   m - +2 cloak {+Inv}
rCorr    .         Harm     .   (no gloves)
MR       +....                  Q - +0 pair of boots (curse)
Stlth    +++++.....             f - amulet of Lahunt {Acrobat rElec rN++ Dex+4}
HPRegen  1.44/turn              c - ring of magical power
MPRegen  0.23/turn              R - ring of poison resistance

@: lethally poisoned (0 -> 0), very slightly contaminated, regenerating
A: no food, fangs 3, see invisible, unbreathing
a: Exsanguinate, Receive Corpses, Renounce Religion, Evoke Invisibility


You were on level 3 of the Lair of Beasts.
You worshipped Kikubaaqudgha.
Kikubaaqudgha was greatly pleased with you.
You were alive.

You visited 3 branches of the dungeon, and saw 15 of its levels.

You collected 937 gold pieces.
You spent 340 gold pieces at shops.

Inventory:

Hand Weapons
 a - a +2 dagger (weapon)
 j - the +0 rapier "Dragonbane" {freeze, +Rage rElec Int+2 Dex-3}
   (You found it on level 1 of the Lair of Beasts)

   It has been specially enchanted to freeze those struck by it, causing extra
   injury to most foes and up to half again as much damage against particularly
   susceptible opponents.
   It can also slow down cold-blooded creatures.
   It affects your intelligence (+2).
   It affects your dexterity (-3).
   It insulates you from electricity.
   It lets you go berserk.
 v - a +0 hunting sling of flaming
Missiles
 w - 383 stones (quivered)
 z - 96 sling bullets
 U - 5 poisoned darts
Armour
 m - a +2 cloak of invisibility (worn)
 H - a +1 helmet (worn)
 Q - a cursed +0 pair of boots (worn)
 S - a scarf of repulsion
 Y - the +1 leather armour of Jije (worn) {Str+4 Int+4}
   (You found it on level 11 of the Dungeon)

   It affects your strength (+4).
   It affects your intelligence (+4).
Magical Staves
 M - an uncursed staff of power
Jewellery
 c - a ring of magical power (left hand)
 f - the amulet of Lahunt (around neck) {Acrobat rElec rN++ Dex+4}
   (You acquired it on level 1 of the Lair of Beasts)

   [amulet of the acrobat]

   It helps you evade while moving and waiting.
   It affects your dexterity (+4).
   It insulates you from electricity.
   It greatly protects you from negative energy.
 r - an uncursed ring of protection from fire
 x - an uncursed ring of magical power
 A - an uncursed ring of ice
 L - an uncursed ring of flight
 N - an uncursed ring of resist corrosion
 P - the amulet "Atulegi" {+Rage rElec MP+9 Str+4 Dex-3, unknown}
   (You acquired it on level 2 of the Lair of Beasts)

   [amulet of rage]

   It affects your strength (+4).
   It affects your dexterity (-3).
   It insulates you from electricity.
   It affects your magic capacity (+9).
   It lets you go berserk.
 R - a ring of poison resistance (right hand)
 T - an uncursed ring of protection from magic
 Z - a +3 ring of intelligence
Wands
 b - a wand of clouds (11)
 h - a wand of random effects (19)
 u - a wand of iceblast (25)
 D - a wand of paralysis (5)
 E - a wand of disintegration (10)
 X - a wand of acid (4)
Scrolls
 d - a scroll of amnesia
 k - 3 scrolls of remove curse
 n - 4 scrolls of enchant weapon
 s - 3 scrolls of fog
 t - a scroll of blinking
 y - 2 scrolls of fear
 C - 11 scrolls of teleportation
 K - a scroll of acquirement
Potions
 e - 2 potions of brilliance
 g - 3 potions of might
 i - a potion of berserk rage
 l - 6 potions of curing
 o - a potion of invisibility
 p - 3 potions of magic
 q - 5 potions of flight
 B - 3 potions of mutation {unknown}
 F - 2 potions of ambrosia {unknown}
 G - 4 potions of heal wounds {unknown}
 I - a potion of haste {unknown}
 J - a potion of agility {unknown}
 O - 3 potions of resistance {unknown}
 W - a potion of degeneration {unknown}
Miscellaneous
 V - a lamp of fire


   Skills:
 - Level 6.0 Fighting
 - Level 4.1 Short Blades
 - Level 3.0 Armour
 - Level 8.0 Dodging
 - Level 12.0 Stealth
 - Level 8.1 Spellcasting
 - Level 9.0 Hexes
 - Level 3.0 Charms
 + Level 11.6 Necromancy
 - Level 4.0 Ice Magic
 + Level 5.4 Earth Magic
 - Level 4.0 Evocations


You had 2 spell levels left.
You knew the following spells:

 Your Spells              Type           Power        Failure   Level  Hunger
a - Dispel Undead         Necr           ######..     1%          5    N/A
b - Ensorcelled Hibernat  Hex/Ice        #####.       1%          2    N/A
c - Confuse               Hex            ######..     1%          3    N/A
d - Animate Dead          Necr           N/A          1%          4    N/A
e - Regeneration          Chrm/Necr      #####.....   1%          3    N/A
f - Animate Skeleton      Necr           N/A          1%          1    N/A
j - Borgnjor's Vile Clut  Necr/Erth      ######....   6%          5    N/A
u - Sublimation of Blood  Necr           ######....   1%          2    N/A

Your spell library contained the following spells:

 Spells                   Type           Power        Failure   Level  Hunger
 Confusing Touch          Hex            ######       1%          1    N/A
 Corona                   Hex            ######.      1%          1    N/A
 Pain                     Necr           ####         1%          1    N/A
 Slow                     Hex            ######..     1%          2    N/A
 Magic Dart               Conj           ##..         7%          1    N/A
 Sting                    Conj/Pois      ##..         7%          1    N/A
 Blink                    Tloc           N/A          11%         2    N/A
 Call Imp                 Summ           ##......     11%         2    N/A
 Poisonous Vapours        Pois/Air       ##....       11%         2    N/A
 Tukima's Dance           Hex            ######..     1%          3    N/A
 Dazzling Spray           Conj/Hex       ####..       3%          3    N/A
 Excruciating Wounds      Chrm/Necr      #####.....   10%         5    N/A
 Metabolic Englaciation   Hex/Ice        #####.....   14%         5    N/A
 Bolt of Draining         Conj/Necr      #####.....   19%         5    N/A
 Conjure Flame            Conj/Fire      ##......     22%         3    N/A
 Gell's Gravitas          Tloc           ##........   22%         3    N/A
 Mephitic Cloud           Conj/Pois/Air  ##......     22%         3    N/A
 Petrify                  Tmut/Erth      ###.....     24%         4    N/A
 Yara's Violent Unravell  Hex/Tmut       ####......   30%         5    N/A
 Olgreb's Toxic Radiance  Pois           ##......     56%         4    N/A
 Venom Bolt               Conj/Pois      ##........   89%         5    N/A

Dungeon Overview and Level Annotations

Branches:
Dungeon (11/15)            Temple (1/1) D:4            Lair (3/6) D:11
 Shoals (0/4) Lair:2        Snake (0/4) Lair:3
    Orc: D:9-12

Altars:
Ashenzari
Cheibriados
Dithmenos
Elyvilon
Fedhas
Gozag
Hepliaklqana
Kikubaaqudgha
Makhleb
Nemelex Xobeh
Okawaru
Qazlal
Ru
Sif Muna
Trog
Uskayaw
Vehumet
Wu Jian
Xom
Yredelemnul
Zin
The Shining One

Shops:
D:11 =

Annotations:
D:8 exclusions: 4 electric eels and 3 more exclusions


Innate Abilities, Weirdness & Mutations

You do not eat.
Your natural rate of healing is unusually fast.
You have razor-sharp teeth.
You have supernaturally acute eyesight. (SInv)
You can survive without breathing.


Message History

Your yak zombie gores the black mamba.
Casting: Animate Dead (safe; 1% risk of failure)
Confirm with . or Enter, or press ? or * to list all spells.
Your skin crawls.
You feel sick. The black mamba misses you.
The water moccasin bites your yak zombie but does no damage.
Your yak zombie closely misses the black mamba.
Casting: Regeneration (safe; 1% risk of failure)
Confirm with . or Enter, or press ? or * to list all spells.
Aiming: Ensorcelled Hibernation (safe; 1% risk of failure)
Press: ? - help, Shift-Dir - straight line, f - black mamba
Aim: a black mamba (lightly wounded, chance to defeat MR: 69%)
The black mamba struggles to resist.
You feel sick. The black mamba bites you!
* * * LOW HITPOINT WARNING * * *
The water moccasin bites your yak zombie.
The water moccasin barely misses your yak zombie.
Your water moccasin zombie misses the black mamba.
Your spiny frog zombie closely misses the water moccasin.
The black mamba bites you!
You die...
Kikubaaqudgha rasps: "You have failed me!
Welcome... death!"

P#......##### ......
.........##.### ....#
.............P##...###
.......).............#
......................
.........Z.Z..........
..##....#.###....#.#
#....#####...##
###...# #.@Z## #P..#


#ZSZ# #P... #SS..# #...P###...# ##.... #P..# #P.##...## ...# P... >.P.. You
could see a black mamba, 2 water moccasins, a friendly water moccasin zombie, a
friendly yak zombie and a friendly spiny frog zombie.

Vanquished Creatures
  Erolcha (D:11)
  A hydra (Lair:1)
  Erica (Lair:2)
  An unseen horror (D:10)
  An oklob plant (Lair:2)
  A merfolk siren (Lair:2)
  Psyche (D:10)
  Maurice (D:11)
  7 spiny frogs
  2 rime drakes
  2 komodo dragons
  A troll (D:11)
  A hornet (D:8)
  Grinder (D:3)
  10 blink frogs
  4 hippogriffs
  Sigmund (D:2)
  A wraith (D:11)
  A wyvern (Lair:2)
  4 hogs (D:7)
  24 yaks
  A human (D:7)
  Menkaure (D:6)
  An acid dragon (D:11)
  6 water moccasins
  2 orc warriors
  7 porcupines
  4 sky beasts
  2 ice beasts
  4 black bears
  6 phantoms
  5 ogres
  4 centaurs
  6 crocodiles
  2 big kobolds
  12 bullfrogs
  A wyvern zombie (D:7)
  5 scorpions
  A wyvern skeleton (D:6)
  8 killer bees
  11 wights
  7 crimson imps
  A bullfrog zombie (D:7)
  5 hounds
  A centaur skeleton (D:5)
  Crazy Yiuf (D:5)
  5 jellies
  4 orc priests
  A bullfrog skeleton (D:4)
  Jessica (D:2)
  8 orc wizards
  3 worker ants
  A killer bee zombie (D:9)
  A hound zombie (D:10)
  Robin (D:2)
  3 howler monkey skeletons
  16 adders
  4 shadow imps
  An ooze (D:4)
  4 adder zombies
  2 adder skeletons
  9 worms
  2 dart slugs
  8 leopard geckos
  31 orcs
  4 ball pythons
  4 giant cockroaches
  15 goblins
  9 hobgoblins
  9 jackals
  9 quokkas
  16 bats
  5 frilled lizards
  A giant cockroach zombie (D:5)
  9 kobolds
  A quokka zombie (D:6)
  8 rats
  2 plants (Lair:2)
368 creatures vanquished.

Vanquished Creatures (collateral kills)
  An ugly thing (D:11)
  3 black mambas (Lair:3)
  A blink frog (Lair:1)
  A basilisk (Lair:2)
  An ice beast (D:9)
  2 bullfrogs
  A killer bee (D:10)
  A wight (D:10)
  A hound (D:9)
  A worker ant (D:9)
  A hound zombie (D:11)
  A shadow imp (D:8)
  4 fungi
19 creatures vanquished.

Vanquished Creatures (others)
  An electric eel (D:8)
  7 fungi
  2 plants (D:11)
10 creatures vanquished.

Grand Total: 397 creatures vanquished

Notes
Turn   | Place    | Note
-------+----------+-------------------------------------------
     0 | D:1      | sankara the Vampire Enchanter began the quest for the Orb.
     0 | D:1      | Reached XP level 1. HP: 13/13 MP: 3/3
    20 | D:1      | Reached skill level 5 in Stealth
   113 | D:1      | Reached XP level 2. HP: 19/19 MP: 5/5
   120 | D:1      | Learned a level 2 spell: Ensorcelled Hibernation
   660 | D:1      | Reached XP level 3. HP: 24/24 MP: 6/6
   697 | D:2      | Noticed Robin
   730 | D:2      | Noticed Jessica
   736 | D:2      | Killed Jessica
   823 | D:2      | Noticed Sigmund
   834 | D:2      | Killed Sigmund
   834 | D:2      | Reached skill level 6 in Stealth
   834 | D:2      | Reached skill level 5 in Hexes
   834 | D:2      | Reached skill level 1 in Ice Magic
   834 | D:2      | Reached XP level 4. HP: 22/30 MP: 7/7
   834 | D:2      | Reached XP level 5. HP: 26/35 MP: 8/8
   927 | D:2      | Learned a level 3 spell: Confuse
  1022 | D:2      | Killed Robin
  1376 | D:2      | Reached XP level 6. HP: 40/41 MP: 9/9
  1545 | D:2      | Found a basalt altar of Yredelemnul.
  1880 | D:2      | Learned a level 3 spell: Dazzling Spray
  2069 | D:2      | Found a white marble altar of Elyvilon.
  2295 | D:3      | Found a stormy altar of Qazlal.
  2734 | D:3      | Found a faded altar of an unknown god.
  3090 | D:3      | Reached skill level 7 in Stealth
  3355 | D:3      | Noticed Grinder
  3360 | D:3      | Killed Grinder
  3360 | D:3      | Reached XP level 7. HP: 40/46 MP: 10/10
  3910 | D:4      | Found a staircase to the Ecumenical Temple.
  3912 | D:4      | Reached skill level 8 in Stealth
  3921 | Temple   | Entered the Ecumenical Temple
  4595 | D:5      | Entered Level 5 of the Dungeon
  4668 | D:5      | Found a shimmering altar of Xom.
  4681 | D:5      | Reached skill level 9 in Stealth
  4715 | D:5      | Reached XP level 8. HP: 29/52 MP: 6/11
  4828 | D:5      | Found a glowing drain.
  4975 | D:5      | Reached skill level 10 in Stealth
  5187 | D:5      | Reached skill level 1 in Fighting
  5560 | D:6      | Reached skill level 11 in Stealth
  5784 | D:6      | Found an ancient bone altar of Kikubaaqudgha.
  5785 | D:6      | Found a shattered altar of Ashenzari.
  5785 | D:6      | Found a glowing silver altar of Zin.
  5841 | D:6      | Became a worshipper of Kikubaaqudgha
  5845 | D:6      | Reached skill level 5 in Dodging
  5920 | D:6      | Reached XP level 9. HP: 62/62 MP: 12/12
  6111 | D:6      | Noticed Menkaure
  6118 | D:6      | Killed Menkaure
  6761 | D:5      | Found a runed translucent door.
  6762 | D:5      | Noticed Crazy Yiuf
  6869 | D:5      | Killed Crazy Yiuf
  6950 | D:7      | Reached * piety under Kikubaaqudgha
  6950 | D:7      | Identified Kikubaaqudgha's Collected Works on Stolen Souls
                  | (Kikubaaqudgha gifted it to you on level 7 of the Dungeon)
  6950 | D:7      | Received a gift from Kikubaaqudgha
  6960 | D:7      | Learned a level 1 spell: Animate Skeleton
  7023 | D:7      | Reached skill level 12 in Stealth
  7025 | D:7      | Reached skill level 1 in Necromancy
  7568 | D:7      | Learned a level 3 spell: Regeneration
  7742 | D:7      | Reached XP level 10. HP: 71/71 MP: 16/16
  7751 | D:7      | Reached skill level 5 in Necromancy
  7809 | D:7      | Reached skill level 5 in Spellcasting
  8439 | D:8      | Reached ** piety under Kikubaaqudgha
  9259 | D:9      | Found a sacrificial altar of Ru.
  9540 | D:10     | Entered Level 10 of the Dungeon
  9587 | D:10     | Noticed Psyche
  9656 | D:10     | Killed Psyche
  9656 | D:10     | Reached skill level 5 in Fighting
  9694 | D:10     | Noticed an unseen horror
  9779 | D:10     | Killed an unseen horror
  9930 | D:10     | Reached XP level 11. HP: 81/81 MP: 20/20
  9949 | D:10     | Reached *** piety under Kikubaaqudgha
  9949 | D:10     | Identified Kikubaaqudgha's Reference Book on Sinister
                  | Rituals (Kikubaaqudgha gifted it to you on level 10 of the
                  | Dungeon)
  9949 | D:10     | Received a gift from Kikubaaqudgha
  9957 | D:10     | Learned a level 4 spell: Animate Dead
  9969 | D:10     | Learned a level 2 spell: Sublimation of Blood
 10358 | D:10     | Reached skill level 1 in Charms
 10414 | D:11     | Noticed a white ugly thing
 10432 | D:11     | Killed a white ugly thing
 10609 | D:11     | Learned a level 5 spell: Dispel Undead
 10671 | D:11     | Got a pitted leather armour
 10674 | D:11     | Found a staircase to the Lair.
 11006 | D:11     | Identified the +1 leather armour of Jije {Str+4 Int+4} (You
                  | found it on level 11 of the Dungeon)
 11147 | D:11     | Found Darulego's Jewellery Boutique.
 11158 | D:11     | Noticed Maurice
 11186 | D:11     | Killed Maurice
 11255 | D:11     | Noticed Erolcha
 11261 | D:11     | Killed Erolcha
 11261 | D:11     | Reached skill level 1 in Armour
 11388 | D:11     | Reached skill level 1 in Evocations
 11636 | D:11     | Reached **** piety under Kikubaaqudgha
 11671 | D:11     | Bought an uncursed ring of poison resistance for 340 gold
                  | pieces
 11719 | Lair:1   | Entered Level 1 of the Lair of Beasts
 11822 | Lair:1   | Identified 3 scrolls of acquirement
 11823 | Lair:1   | Got a bound lead ring
 11825 | Lair:1   | Identified the ring of Akoisch {*Slow rC+ Str+4 Dex+8} (You
                  | acquired it on level 1 of the Lair of Beasts)
 11831 | Lair:1   | Got an ancient platinum amulet
 11833 | Lair:1   | Identified the amulet of Lahunt {Acrobat rElec rN++ Dex+4}
                  | (You acquired it on level 1 of the Lair of Beasts)
 11841 | Lair:1   | Got a twitching sapphire amulet
 11843 | Lair:1   | Identified the amulet of Bopn {Spirit rF+ Str+2 Dex+2} (You
                  | acquired it on level 1 of the Lair of Beasts)
 11961 | Lair:1   | Noticed a five-headed hydra
 11967 | Lair:1   | Killed a five-headed hydra
 12197 | Lair:1   | Got a translucent rapier
 12391 | Lair:1   | Reached skill level 10 in Necromancy
 12391 | Lair:1   | Reached XP level 12. HP: 88/88 MP: 23/23
 12572 | Lair:1   | Identified the +0 rapier "Dragonbane" {freeze, +Rage rElec
                  | Int+2 Dex-3} (You found it on level 1 of the Lair of
                  | Beasts)
 12580 | Lair:1   | Learned a level 5 spell: Borgnjor's Vile Clutch
 12723 | Lair:2   | Reached skill level 1 in Earth Magic
 13043 | Lair:2   | Got a twitching sapphire amulet
 13051 | Lair:2   | Noticed Erica
 13078 | Lair:2   | Killed Erica
 13496 | Lair:2   | Found a staircase to the Shoals.
 13758 | Lair:3   | Reached skill level 5 in Earth Magic
 13824 | Lair:3   | Found a staircase to the Snake Pit.
 13834 | Lair:3   | Slain by a black mamba

Levels and vault maps discovered:
D:1:      erik_arrival_blinker_ship, layout_loops_ring
D:2:      layout_basic, kennysheep_ying_yang, grunt_ministairs_15,
          dk_vineyard_2, uniq_sigmund, uniq_robin, uniq_jessica
D:3:      layout_basic, chequers_ecumenical_altar_simple_redux,
          grunt_qazlal_clouds, uniq_grinder
D:4:      layout_rooms, minmay_temple_entry_junction_2, first_ration
D:5:      layout_loops_ring, cheibrodos_sewer_entry_bend, serial_glass,
          glass_columns_b, glass_columns_a, glass_columns_a, glass_columns_a,
          glass_columns_a, glass_columns_a, glass_columns_b, glass_columns_a,
          glass_columns_c, glass_columns_b, led_xom_imps,
          uniq_crazy_yiuf_cottage
D:6:      layout_basic, gammafunk_temple_overflow_claw, kennysheep_crisscross,
          uniq_menkaure
D:7:      layout_basic, grunt_livestock, chequers_serial_rivers_micro_c
D:8:      layout_loops_cross, serial_bayou_ford_a,
          chequers_serial_rivers_small_3, minmay_misc_feat_tiny
D:9:      layout_rooms, nicolae_ru_awakened_eye, corexii_corridor_pit
D:10:     layout_loops_ring, uniq_psyche
D:11:     layout_basic, due_lair_maze_entry_diamond, serial_shops, shop,
          abandoned_shop, uniq_erolcha, uniq_maurice
Temple:   eino_temple_scatter_basement
Lair:1:   layout_roguey, beast_lair_carwin_10, grunt_megastairs_2
Lair:2:   layout_cave_shapes, minmay_shoals_entry_lonely_mermaid,
          minmay_lair_oklob_chamber, uniq_erica
Lair:3:   layout_hall_layers, minmay_snake_entry_six_corridors,
          hibernation_bobbens, lemuel_fruit_tree, infiniplex_staircase_pool_2,
          grunt_megastairs_3

Skill      XL: |  1  2  3  4  5  6  7  8  9 10 11 12 |
---------------+-------------------------------------+-----
Stealth        | 5 6 7 9 11 12 | 12.0
Short Blades   | 2 3 4 |  4.1
Dodging        | 3 5 6 7 8 |  8.0
Hexes          | 5 6 8 9 |  9.0
Ice Magic      | 1 2 3 4 |  4.0
Fighting       | 2 4 5 6 |  6.0
Necromancy     | 4 7 10 11 | 11.6
Spellcasting   | 4 6 7 8 |  8.1
Charms         | 3 |  3.0
Armour         | 2 3 |  3.0
Evocations     | 3 4 |  4.0
Earth Magic    | 5 |  5.4

Action                   |  1- 3 |  4- 6 |  7- 9 | 10-12 || total
-------------------------+-------+-------+-------+-------++-------
Melee: Dagger            |    53 |   101 |   246 |   265 ||   665
       Bite              |     4 |     5 |    14 |    21 ||    44
 Cast: Ensorcelled Hiber |    12 |    84 |   106 |   159 ||   361
       Confuse           |       |     4 |    39 |    45 ||    88
       Dazzling Spray    |       |       |     2 |       ||     2
       Animate Skeleton  |       |       |    14 |    14 ||    28
       Regeneration      |       |       |       |    30 ||    30
       Sublimation of Bl |       |       |       |    39 ||    39
       Animate Dead      |       |       |       |    32 ||    32
       Dispel Undead     |       |       |       |     5 ||     5
       Borgnjor's Vile C |       |       |       |    14 ||    14
Invok: Receive Corpses   |       |       |     2 |       ||     2
  Use: Scroll            |       |       |     4 |    23 ||    27
       Potion            |       |       |       |     1 ||     1
 Stab: Sleeping          |    20 |    57 |    91 |   115 ||   283
       Confused          |       |     3 |    27 |    16 ||    46
       Distracted        |       |       |     1 |     3 ||     4
Armor: Robe              |     9 |    22 |    16 |    18 ||    65
       Leather armour    |       |       |       |    20 ||    20
Dodge: Dodged            |    47 |    94 |   131 |   180 ||   452
Block: Other             |       |       |    16 |    22 ||    38
